 Dungeon Crawl Stone Soup version 0.29-a0-275-g389c0b56f3 (webtiles) character file.

Game seed: 15363801291046595682

178 siradein the Bolt Thrower (level 5, -1/32 HPs)
             Began as a Kobold Hunter on Mar 10, 2022.
             Slain by an orc
             ... wielding a +0 flail
              (6 damage)
             ... on level 5 of the Dungeon.
             The game lasted 00:08:24 (2267 turns).

siradein the Bolt Thrower (Kobold Hunter)           Turns: 2267, Time: 00:08:24

Health: -1/32      AC:  4    Str: 10    XL:     5   Next: 89%
Magic:  5/5        EV: 15    Int: 12    God:
Gold:   52         SH:  0    Dex: 17    Spells: 4/4 levels left

rFire   . . .      SeeInvis .   a - +1 hand crossbow
rCold   . . .      Faith    .   (no shield)
rNeg    . . .      Spirit   .   b - +0 leather armour
rPois   +          Reflect  .   (no helmet)
rElec   .          Harm     .   k - +0 cloak
rCorr   .          Rampage  .   (no gloves)
Will    .....                   (no boots)
Stlth   +++.......              (no amulet)
HPRegen 0.10/turn               n - ring of poison resistance
MPRegen 0.09/turn               (no ring)

@: no status effects
A: small, no large weapons, nightstalker 3
a: no special abilities


You were on level 5 of the Dungeon.
You visited 1 branch of the dungeon, and saw 5 of its levels.

You collected 96 gold pieces.
You spent 44 gold pieces at shops.

Inventory:

Hand Weapons
 a - a +1 hand crossbow (weapon)
Armour
 b - a +0 leather armour (worn)
 k - a +0 cloak (worn)
Jewellery
 n - a ring of poison resistance (left hand)
Wands
 o - a wand of polymorph (5)
Scrolls
 c - a scroll of immolation
 f - a scroll of enchant armour {unknown}
 g - a scroll of brand weapon {unknown}
 i - a scroll of acquirement {unknown}
 l - a scroll of teleportation
 m - 3 scrolls of fear {unknown}
Potions
 d - a potion of cancellation
 e - 2 potions of curing
 h - a potion of resistance
 j - a potion of magic {unknown}


   Skills:
 + Level 3.5 Fighting
 + Level 6.3 Crossbows
 + Level 3.9 Dodging
 + Level 3.9 Stealth


You had 4 spell levels left.
You didn't know any spells.
Your spell library contained the following spells:

 Spells                   Type           Power      Damage    Failure   Level
 Slow                     Hex            0%         N/A       41%         1
 Sublimation of Blood     Necr           0%         N/A       56%         2
 Wereblood                Tmut           0%         N/A       56%         2
 Confusing Touch          Hex            0%         N/A       80%         3
 Vampiric Draining        Necr           0%         2d6       80%         3
 Summon Hydra             Summ           0%         N/A       100%        7


Dungeon Overview and Level Annotations

Branches:
Dungeon (6/15)
 Temple: D:4-7

Altars:
Kikubaaqudgha
Beogh

Shops:
D:1 ?

Annotations:
D:2 Terence


Innate Abilities, Weirdness & Mutations

You are small and have problems with some larger weapons.
You are completely attuned to the shadows.


Message History

The gnoll sergeant is moderately wounded.
You hear the rapid rusting of a drain nearby.
Found 9 stones.
The gnoll sergeant closely misses you.
You see here a hound corpse.
A gnoll comes into view. It is wielding a +0 flail.
The gnoll shouts!
You hear a shout!
A gnoll comes into view.
It is wielding a +0 whip. 2 gnolls come into view.
Really attack while wielding your +1 hand crossbow? [Y]es or [N]o only, please.
Really attack while wielding your +1 hand crossbow?
Okay, then.
The gnoll sergeant hits you with a +0 spear!
The gnoll attacks as you move away! The gnoll completely misses you.
The gnoll sergeant barely misses you.
The gnoll sergeant hits you with a +0 spear!
The gnoll sergeant hits you with a +0 spear!
* * * LOW HITPOINT WARNING * * *
The gnoll attacks as you move away! The gnoll closely misses you.
The gnoll sergeant barely misses you.
You hear the rapid rusting of a drain nearby.
There is a stone staircase leading up here.
You climb upwards.
The orc shouts! x3; You hear a shout!
You hear an angry hiss.
The ogre shouts!
There is a stone staircase leading down here.
There are monsters nearby!
An orc wizard comes into view.
It is wielding a +2 dagger of electrocution.
The black bear attacks as you move away!
The black bear barely misses you. x2; The black bear completely misses you.
The orc hits you with a +0 flail.
* * * LOW HITPOINT WARNING * * *
The orc hits you with a +0 short sword.
* * * LOW HITPOINT WARNING * * *
The orc attacks as you move away! The orc closely misses you.
An adder comes into view.
Found a ring mail.
The adder hisses angrily.
The orc hits you with a +0 flail.
You die...

.....###
[.S....
......
.....###
.#.#@#.#.
...ooO...
.#ooh....
....>....
.#.......
.........
.#^......
........


You could see a black bear, an ogre, an orc wizard, an adder and 3 orcs.

Vanquished Creatures
  A necrophage (D:6)
  A hound (D:6)
  Natasha (D:2)
  2 adders (D:6)
  A bat zombie (D:6)
  3 endoplasms
  2 giant cockroaches (D:1)
  3 goblins (D:1)
  4 hobgoblins
  4 jackals (D:1)
  3 quokkas
  3 ball pythons (D:1)
  4 bats
  2 frilled lizards (D:1)
  4 kobolds
  2 rats (D:1)
  A rat zombie (D:6)
41 creatures vanquished.

Notes
Turn   | Place    | Note
-------+----------+-------------------------------------------
     0 | D:1      | siradein the Kobold Hunter began the quest for the Orb.
     0 | D:1      | Reached XP level 1. HP: 12/12 MP: 1/1
   163 | D:1      | Reached XP level 2. HP: 18/18 MP: 2/2
   322 | D:1      | Found a faded altar of an unknown god.
   448 | D:1      | Reached XP level 3. HP: 22/22 MP: 3/3
   746 | D:1      | Found Nazxex's Magic Scroll Shoppe.
   799 | D:1      | Bought a scroll of identify for 22 gold pieces
   799 | D:1      | Bought a scroll of identify for 22 gold pieces
  1205 | D:2      | Noticed Terence
  1396 | D:2      | Noticed Natasha
  1408 | D:2      | Killed Natasha
  1409 | D:2      | Reached XP level 4. HP: 20/27 MP: 4/4
  1693 | D:3      | You fall into a shaft and drop 3 floors!
  1693 | D:6      | Noticed a sky beast
  1714 | D:6      | Noticed a necrophage
  1727 | D:6      | Killed a necrophage
  1728 | D:6      | Reached skill level 6 in Crossbows
  1728 | D:6      | Reached XP level 5. HP: 16/32 MP: 5/5
  1866 | D:6      | Found an ancient bone altar of Kikubaaqudgha.
  1995 | D:6      | Noticed a sky beast
  2264 | D:5      | Entered Level 5 of the Dungeon
  2264 | D:5      | Noticed a black bear
  2264 | D:5      | Noticed an ogre
  2267 | D:5      | Slain by an orc

Illustrated notes

Levels and vault maps discovered:
D:1:      onia_arrival_pentagram, layout_loops_ring,
          hellmonk_ecumenical_altar_defaced_shrine, serial_shops, shop,
          kennysheep_nondescript, nrook_campfire
D:2:      layout_loops_ring, grunt_ministairs_13, uniq_terence, uniq_natasha
D:3:      minmay_goblin_kobold_castle, layout_loops_ring,
          mrwooster_statue_mirror, kennysheep_decorative_pillar, uniq_sigmund
D:5:      layout_cave_pools, st_stairs_4
D:6:      layout_basic, lemuel_zombie_altar_kikubaaqudgha, gup_sewer_entry_glass

Skill      XL: |  1  2  3  4 |
---------------+-------------+-----
Stealth        | 2 3 |  3.9
Dodging        | 3 |  3.9
Fighting       | 3 |  3.5
Crossbows      | 6 |  6.3

Action                   |  1- 3 |  4- 6 || total
-------------------------+-------+-------++-------
 Fire: Hand crossbow     |    75 |    40 ||   115
  Use: Scroll            |     2 |     2 ||     4
Armor: Leather armour    |     7 |     8 ||    15
Dodge: Dodged            |    35 |    32 ||    67

Table legend: (Time is in decaauts)
 A = Elapsed time spent in this place.
 B = Non-inter-level travel time spent in this place.
 C = Inter-level travel time spent in this place.
 D = Time resting spent in this place.
 E = Time spent auto-exploring this place.
 F = Levels seen in this place.
 G = Mean time per level.
                   A        B        C        D        E       F      G
               +--------+--------+--------+--------+--------+-----+--------+
         Total |   2302 |   2178 |    124 |     43 |   1255 |   5 |  460.4 |
       Dungeon |   2302 |   2178 |    124 |     43 |   1255 |   5 |  460.4 |
               +--------+--------+--------+--------+--------+-----+--------+

Top non-repeatable levels by time:
     D:1: 1056 daAuts
     D:2: 651 daAuts
     D:6: 578 daAuts
     D:3: 13 daAuts
     D:5: 2 daAuts
